 Dungeon Crawl Stone Soup version 0.32-a0-290-g598725c5f2 (webtiles) character file.

Game seed: 12211946290705914070

14 Bravepunisher the Ducker (level 2, -2/16 HPs)
             Began as a Spriggan Monk on Feb 13, 2024.
             Slain by a gnoll
             ... wielding a +0 halberd
             ... led by a gnoll bouda
              (15 damage)
             ... on level 5 of the Dungeon.
             The game lasted 00:03:20 (557 turns).

Bravepunisher the Ducker (Spriggan Monk)             Turns: 557, Time: 00:03:20

Health: -2/16      AC:  2    Str:  7    XL:     2   Next: 31%
Magic:  3/3        EV: 19    Int: 11    God:
Gold:   0          SH:  0    Dex: 17    Spells: 1/1 levels left

rFire   . . .        a - +0 short sword
rCold   . . .        (no shield)
rNeg    . . .        b - +0 robe
rPois   .            (helmet restricted)
rElec   .            (no cloak)
rCorr   .            (gloves unavailable)
SInv    +            (boots unavailable)
Will    .....        (no amulet)
Stlth   ++           (no ring)
HPRegen 0.22/turn    (no ring)
MPRegen 0.08/turn

%: no passive effects
@: studying Long Blades, very quick
A: very small, no large weapons, unfitting armour, see invisible, speed 3
a: no special abilities


You were on level 5 of the Dungeon.
You visited 1 branch of the dungeon, and saw 5 of its levels.

Inventory:

Hand Weapons
 a - a +0 short sword (weapon)
Armour
 b - a +0 robe (worn)
Wands
 d - a wand of flame (17)
Scrolls
 c - a scroll of teleportation {unknown}


   Skills:
 + Level 2.6 Fighting
 - Level 3.2 Short Blades
 * Level 4.7 Dodging


You had one spell level left.
You didn't know any spells.
Your spell library was empty.

Dungeon Overview and Level Annotations

Branches:
Dungeon (5/15)
 Temple: D:4-7

Altars:
Okawaru
Uskayaw


Innate Abilities, Weirdness & Mutations

You are very small and have problems with some larger weapons.
You are too small for most types of armour.
You have supernaturally acute eyesight. (SInv)
You cover ground extremely quickly. (Speed+++)


Message History

The gnoll shouts!
You hear a shout! x4
A gnoll bouda and a gnoll come into view.
The gnoll bouda shouts!
The gnoll shouts!
A gnoll comes into view.
It is wielding a +0 club and quivering a throwing net.
The gnoll bouda barks out a call to the hunt!
The gnolls pick up the pace!
A gnoll comes into view. It is wielding a +0 flail.
There is a stone staircase leading up here.
You see here a +0 robe.
A howler monkey comes into view.
You hear a distant slurping noise.
The howler monkey hoots and howls with incredible vigour!
You hear a shout!
The howler monkey hits you.
You completely miss the howler monkey. The howler monkey hits you.
You hit the howler monkey but do no damage.
You barely miss the howler monkey.
The howler monkey completely misses you.
You closely miss the howler monkey. The howler monkey closely misses you.
You hit the howler monkey.
The howler monkey is moderately wounded.
The howler monkey completely misses you.
You hit the howler monkey but do no damage.
The howler monkey is moderately wounded.
The howler monkey closely misses you.
You hit the howler monkey but do no damage.
The howler monkey is moderately wounded.
The howler monkey barely misses you.
You closely miss the howler monkey.
The howler monkey is moderately wounded.
The howler monkey barely misses you.
You hit the howler monkey but do no damage.
The howler monkey is moderately wounded.
The howler monkey closely misses you. The gnoll misses you.
The howler monkey misses you.
You barely miss the howler monkey.
The howler monkey is moderately wounded.
The gnoll hits you from afar with a +0 halberd!
Ouch! That really hurt!
You die...

######g####### g#
#......# .. #.######
#. #g# #<# #.# #.#
#.# ###############.
#.###.....g.@h......
#.g...##############
#######


You could see a howler monkey and a gnoll.

Vanquished Creatures
  An adder (D:2)
  An orc (D:4)
  A hobgoblin (D:2)
3 creatures vanquished.

Notes
Turn   | Place    | Note
-------+----------+-------------------------------------------
     0 | D:1      | Bravepunisher the Spriggan Monk began the quest for the
                  | Orb.
     0 | D:1      | Reached XP level 1. HP: 11/11 MP: 2/2
   111 | D:2      | Reached XP level 2. HP: 16/16 MP: 3/3
   251 | D:5      | Entered Level 5 of the Dungeon
   283 | D:4      | Noticed a black bear
   328 | D:4      | Noticed a bullfrog
   346 | D:4      | Noticed an orc warrior
   503 | D:5      | Found an iron altar of Okawaru.
   506 | D:5      | Found a hide-covered altar of Uskayaw.
   543 | D:5      | Noticed a howler monkey
   557 | D:5      | Slain by a gnoll

Illustrated notes

Levels and vault maps discovered:
D:1:      dpeg_arrival_tiny_c, layout_basic,
          shapermc_ecumenical_altar_mp_vishouse, nrook_mini_vaults
D:2:      layout_basic, basic_altar, minmay_misc_feat_columns,
          minmay_rat_gold_closets, uniq_terence
D:3:      layout_basic, nicolae_yredelemnul_corpse_copse,
          mainiacjoe_overflow_catwalk, cheibrodos_sewer_entry_sluice,
          minmay_misc_feat_tower, uniq_ijyb
D:4:      layout_basic, old_standard_altar, minmay_manual_mail, uniq_eustachio
D:5:      layout_loops_ring, trog_butcher_becter,
          nicolae_overflow_hidden_temple, general_overflow_altar, serial_shops,
          shop, grunt_ministairs_7, chequers_avenue, kennysheep_generic_room_11

Action                     || total
---------------------------++-------
  Melee: Short sword       ||    30
    Use: Potion            ||     1
 Armour: Robe              ||    14
  Dodge: Dodged            ||    44

Table legend: (Time is in decaauts)
 A = Elapsed time spent in this place.
 B = Non-inter-level travel time spent in this place.
 C = Inter-level travel time spent in this place.
 D = Time resting spent in this place.
 E = Time spent auto-exploring this place.
 F = Levels seen in this place.
 G = Mean time per level.
                   A        B        C        D        E       F      G
               +--------+--------+--------+--------+--------+-----+--------+
         Total |    357 |    357 |      0 |      0 |     49 |   5 |   71.4 |
       Dungeon |    357 |    357 |      0 |      0 |     49 |   5 |   71.4 |
               +--------+--------+--------+--------+--------+-----+--------+

Top non-repeatable levels by time:
     D:4: 154 daAuts
     D:2: 93 daAuts
     D:5: 69 daAuts
     D:1: 35 daAuts
     D:3: 4 daAuts
